 Dungeon Crawl Stone Soup version 0.31-a0-940-gdaa99269f9 (webtiles) character file.

Game seed: 13408480682885023528

171 Maratek the Skirmisher (level 5, 0/32 HPs)
             Began as a Kobold Hunter on Oct 20, 2023.
             Slain by a cerulean imp
             ... wielding a +2 spear
             ... summoned by Natasha
              (3 damage)
             ... on level 3 of the Dungeon.
             The game lasted 00:03:48 (2703 turns).

Maratek the Skirmisher (Kobold Hunter)              Turns: 2703, Time: 00:03:48

Health: 0/32       AC:  3    Str:  9    XL:     5   Next: 81%
Magic:  5/5        EV: 25    Int: 10    God:
Gold:   85         SH:  0    Dex: 20    Spells: 4/4 levels left

rFire   . . .        a - +0 shortbow
rCold   . . .        (shield currently unavailable)
rNeg    . . .        c - +0 leather armour
rPois   .            (no helmet)
rElec   .            (no cloak)
rCorr   .            (no gloves)
SInv    .            (no boots)
Will    .....        (no amulet)
Stlth   +++          f - +5 ring of evasion
HPRegen 0.25/turn    k - +5 ring of evasion
MPRegen 0.09/turn

%: no passive effects
@: no status effects
A: small, no large weapons, nightstalker 3
a: no special abilities


You were on level 3 of the Dungeon.
You visited 1 branch of the dungeon, and saw 4 of its levels.

You collected 85 gold pieces.

Inventory:

Hand Weapons
 a - a +0 shortbow (weapon)
Armour
 c - a +0 leather armour (worn)
Jewellery
 f - a +5 ring of evasion (left hand)
 j - a ring of see invisible
 k - a +5 ring of evasion (right hand)
 m - a ring of wizardry
Scrolls
 b - 2 scrolls of butterflies
 e - a scroll of amnesia
 l - a scroll of enchant armour
 n - a scroll of teleportation {unknown}
 o - a scroll of poison {unknown}
Potions
 d - 2 potions of curing {unknown}
 h - a potion of might {unknown}


   Skills:
 + Level 2.8 Fighting
 + Level 8.0 Ranged Weapons
 + Level 0.6 Armour
 + Level 3.0 Dodging
 + Level 1.6 Stealth


You had 4 spell levels left.
You didn't know any spells.
Your spell library was empty.

Dungeon Overview and Level Annotations

Branches:
Dungeon (4/15)
 Temple: D:4-7

Altars:

Shops:
D:3 :

Annotations:
D:3 Natasha


Innate Abilities, Weirdness & Mutations

You are small and have problems with some larger weapons.
You are completely attuned to the shadows.


Message History

Natasha completely misses you. The cerulean imp closely misses you.
You shoot an arrow. The arrow misses Natasha.
Natasha barely misses you.
The cerulean imp hits you with a +2 spear.
You are too injured to fight recklessly!
You are too injured to fight recklessly!
You are too injured to fight recklessly!
You are too injured to fight recklessly!
Fire: a) +0 shortbow
Press: ? - help, Q - select action Shift-Dir - straight line, f/p - Natasha
Aim: Natasha (severely wounded, 61% to hit)
You shoot an arrow. The arrow misses Natasha.
Natasha misses you. The cerulean imp misses you.
Unknown command.
Fire: a) +0 shortbow
Press: ? - help, Q - select action Shift-Dir - straight line, f/p - Natasha
Aim: Natasha (severely wounded, 61% to hit)
You shoot an arrow. The arrow misses Natasha.
Natasha mumbles some strange words.
The cerulean imp misses you.
Fire: a) +0 shortbow
Press: ? - help, Q - select action Shift-Dir - straight line, f/p - Natasha
Aim: Natasha (severely wounded, 61% to hit)
You shoot an arrow.
The arrow hits Natasha but does no damage.
Natasha is severely wounded.
Natasha casts a spell at you. The magic dart hits you!
* * * LOW HITPOINT WARNING * * *
The cerulean imp hits you with a +2 spear.
* * * LOW HITPOINT WARNING * * *
The cerulean imp closely misses you.
Fire: a) +0 shortbow
Press: ? - help, Q - select action Shift-Dir - straight line, f/p - Natasha
Aim: Natasha (severely wounded, 61% to hit)
You shoot an arrow.
The arrow hits Natasha but does no damage.
Natasha is severely wounded.
Natasha barely misses you.
The cerulean imp hits you with a +2 spear.
You die...

.##.##............#
.##.##.......#....#
.##.##.......#....####
.##..'>......+.......#
######.......###.....############
####.#.......# #.....#..........#
†....#.#####.###.....#.########.#
####...........5.....#.#......#.#
...............h@..).#.#....#.#.#
.......#####.###.5..........#.#.#
#########............#........#.#
........#.##.###.##.###########.#
#######.#.#...<.................#
# #.#.#.#..###........#######.# #
###.#.#.#..# #........# #.# #
#...#.#.#..# #........# ###
###.#.#.#.#..# #.##'##### #


You could see Natasha and 2 cerulean imps.

Vanquished Creatures
  Natasha (D:3)
  An orc wizard (D:3)
  3 gnolls (D:2)
  3 adders
  8 orcs
  6 ball pythons
  6 endoplasms
  A giant cockroach (D:2)
  6 hobgoblins
  6 jackals
  A quokka (D:1)
  5 bats
  2 frilled lizards (D:1)
  2 goblins
  6 kobolds
  3 rats
60 creatures vanquished.

Notes
Turn   | Place    | Note
-------+----------+-------------------------------------------
     0 | D:1      | Maratek the Kobold Hunter began the quest for the Orb.
     0 | D:1      | Reached XP level 1. HP: 12/12 MP: 1/1
    78 | D:1      | Reached XP level 2. HP: 11/17 MP: 2/2
   375 | D:1      | Reached XP level 3. HP: 22/22 MP: 3/3
   376 | D:1      | Reached skill level 6 in Ranged Weapons
   783 | D:2      | Reached XP level 4. HP: 27/27 MP: 4/4
  1082 | D:2      | Reached skill level 7 in Ranged Weapons
  1512 | D:3      | Reached XP level 5. HP: 31/31 MP: 5/5
  1519 | D:3      | Found Balinar's Vocational Training.
  2376 | D:3      | Noticed Natasha
  2380 | D:3      | Killed Natasha
  2585 | D:4      | Reached skill level 8 in Ranged Weapons
  2596 | D:4      | HP: 1/32 [orc/+0 club (5)]
  2689 | D:3      | Noticed Natasha
  2703 | D:3      | Slain by a cerulean imp

Illustrated notes

Levels and vault maps discovered:
D:1:      minmay_arrival_four_circles, layout_loops_ring, minmay_pentomino_p2
D:2:      layout_basic
D:3:      layout_basic, nicolae_shop_vocational, uniq_natasha
D:4:      layout_cave_pools, serial_shops, nicolae_shop_tiny_statue_garden,
          minmay_puff

Skill      XL: |  1  2  3  4  5 |
---------------+----------------+-----
Ranged Weapons | 6 7 8 |  8.0
Dodging        | 3 |  3.0
Fighting       | |  2.8
Armour         | |  0.6
Stealth        | |  1.6

Action                     |  1- 3 |  4- 6 || total
---------------------------+-------+-------++-------
   Fire: Shortbow          |    95 |   122 ||   217
    Use: Scroll            |       |     3 ||     3
 Armour: Leather armour    |    19 |    25 ||    44
  Dodge: Dodged            |    44 |    89 ||   133

Table legend: (Time is in decaauts)
 A = Elapsed time spent in this place.
 B = Non-inter-level travel time spent in this place.
 C = Inter-level travel time spent in this place.
 D = Time resting spent in this place.
 E = Time spent auto-exploring this place.
 F = Levels seen in this place.
 G = Mean time per level.
                   A        B        C        D        E       F      G
               +--------+--------+--------+--------+--------+-----+--------+
         Total |   2724 |   2639 |     85 |     79 |   2213 |   4 |  681.0 |
       Dungeon |   2724 |   2639 |     85 |     79 |   2213 |   4 |  681.0 |
               +--------+--------+--------+--------+--------+-----+--------+

Top non-repeatable levels by time:
     D:3: 1214 daAuts
     D:2: 795 daAuts
     D:1: 668 daAuts
     D:4: 45 daAuts
